 Dungeon Crawl Stone Soup version 0.28.0 (webtiles) character file.

Game seed: 14005739204187808385

6247 browni3141 the Cleaver (level 10, -5/141 HPs)
             Began as a Minotaur Berserker on Feb 16, 2022.
             Was an Elder of Trog.
             Killed by divine providence
             ... invoked by an orc priest
              (13 damage)
             ... on level 9 of the Dungeon.
             The game lasted 00:03:32 (8192 turns).

browni3141 the Cleaver (Minotaur Berserker)         Turns: 8192, Time: 00:03:32

Health: -5/141     AC: 13    Str: 25    XL:     10   Next: 62%
Magic:  9/9        EV:  9    Int:  4    God:    Trog [****..]
Gold:   448        SH:  0    Dex: 17    Spells: 9/9 levels left

rFire   . . .      SeeInvis .   q - +0 war axe
rCold   . . .      Faith    .   i - orb {light}
rNeg    . . .      Spirit   .   o - +0 chain mail {rPois}
rPois   +          Reflect  .   (helmet restricted)
rElec   .          Harm     .   y - +0 cloak
rCorr   .          Rampage  .   (no gloves)
Will    +....                   (no boots)
Stlth   ..........              (no amulet)
HPRegen 0.33/turn               z - +6 ring of dexterity
MPRegen 0.11/turn               B - ring of willpower

@: berserking, glowing, very quick
A: horns 2, retaliatory headbutt
a: Renounce Religion, Berserk, Trog's Hand, Brothers in Arms


You were on level 9 of the Dungeon.
You worshipped Trog.
Trog was greatly pleased with you.
You visited 3 branches of the dungeon, and saw 11 of its levels.

You collected 448 gold pieces.

Inventory:

Hand Weapons
 a - a +0 hand axe
 q - a +0 war axe (weapon)
Missiles
 A - a throwing net (quivered)
Armour
 b - a +0 animal skin
 i - an orb of light (worn)
 l - a +0 chain mail
 o - a +0 chain mail of poison resistance (worn)
 y - a +0 cloak (worn)
Jewellery
 z - a +6 ring of dexterity (left hand)
 B - a ring of willpower (right hand)
Wands
 u - a wand of flame (28)
Scrolls
 d - a scroll of fog {unknown}
 f - 9 scrolls of identify {unknown}
 g - 2 scrolls of immolation {unknown}
 h - 2 scrolls of enchant weapon {unknown}
 m - a scroll of vulnerability {unknown}
 n - a scroll of fear {unknown}
 r - a scroll of magic mapping {unknown}
 s - 4 scrolls of teleportation {unknown}
 v - 2 scrolls of noise {unknown}
 x - a scroll of brand weapon {unknown}
 D - a scroll of enchant armour {unknown}
 F - a scroll of amnesia {unknown}
Potions
 c - 2 potions of resistance {unknown}
 e - 4 potions of curing {unknown}
 j - 3 potions of flight {unknown}
 k - a potion of attraction {unknown}
 p - 3 potions of heal wounds {unknown}
 t - a potion of mutation {unknown}
 w - a potion of ambrosia {unknown}
 C - a potion of lignification {unknown}
 E - a potion of degeneration {unknown}


   Skills:
 + Level 10.4 Fighting
 * Level 13.9 Axes
 + Level 10.0 Armour
 - Level 2.1 Dodging


You had 9 spell levels left.
You didn't know any spells.
Your spell library was empty.

Dungeon Overview and Level Annotations

Branches:
Dungeon (10/15)            Temple (1/1) D:4            Lair (1/6) D:10
    Orc: D:9-12

Altars:
Qazlal
Ru


Innate Abilities, Weirdness & Mutations

You have a pair of horns on your head.
You reflexively headbutt those who attack you in melee.


Message History

The orc priest barely misses you. You furiously retaliate!
You headbutt the orc priest, but do no damage.
The orc warrior barely misses you.
The orc priest hits you but does no damage.
The orc warrior throws a boomerang.
The boomerang hits you.
You hit the orc priest.
The orc priest is lightly wounded.
The orc priest calls down the wrath of Beogh upon you.
Beogh smites you!
* * * LOW HITPOINT WARNING * * *
The orc priest barely misses you.
You hit the orc priest.
You headbutt the orc priest, but do no damage.
The orc priest is moderately wounded.
You hit the orc warrior.
The orc priest hits you but does no damage.
The orc warrior hits you with a +0 war axe!
* * * LOW HITPOINT WARNING * * *
You slash the orc warrior!
The orc warrior is almost dead.
You hit the orc priest but do no damage.
The orc priest hits you with a +0 club.
* * * LOW HITPOINT WARNING * * *
A red film seems to cover your vision as you go berserk!
You feel yourself moving faster!
You feel mighty!
The orc warrior hits you with a +0 war axe!
* * * LOW HITPOINT WARNING * * *
The orc priest barely misses you.
You hit the orc warrior but do no damage.
The orc warrior is almost dead.
You hit the orc priest. The orc warrior barely misses you.
You are too injured to fight recklessly!
You are too injured to fight recklessly!
You slash the orc warrior!
You kill the orc warrior!
Trog accepts your kill.
You hit the orc priest.
The orc priest calls down the wrath of Beogh upon you.
Beogh smites you!
You die...

#.. #..# #..#
###..#####..#####..#####
........................
..>.....................
.####..####..#######..#
#.)# #..# #..# #))# #..#
#..#
..####o)####..#######..#
.......@................
........................
#..####...........####..
#. #.......... #.. #
#......... #.. #........
#.. #........ #.<
#........ #.. #..


You could see an orc priest.

Vanquished Creatures
  A cyclops (D:10)
  A komodo dragon (D:10)
  17 yaks
  Edmund (D:5)
  2 water moccasins
  Duvessa (D:6)
  2 black bears (D:10)
  An ice beast (D:6)
  An orc warrior (D:9)
  2 necrophages (D:6)
  An ogre (D:7)
  A phantom (D:6)
  3 centaurs
  A kobold brigand (D:7)
  5 bullfrogs
  Blork the orc (D:4)
  3 scorpions (D:10)
  A water moccasin zombie (D:5)
  A water moccasin skeleton (D:5)
  Dowan (D:6)
  A killer bee (D:10)
  2 howler monkeys (D:10)
  2 centaur zombies (D:10)
  2 jellies
  A hound (D:4)
  An orc priest (D:9)
  Crazy Yiuf (D:5)
  A bullfrog skeleton (D:5)
  A centaur skeleton (D:4)
  An iguana (D:6)
  Terence (D:3)
  A scorpion zombie (D:5)
  Ijyb (D:5)
  4 orc wizards
  3 hound skeletons
  11 adders
  A howler monkey skeleton (D:7)
  2 white imps
  2 adder skeletons (D:4)
  3 worms
  4 dart slugs
  10 orcs
  6 endoplasms
  3 giant cockroaches
  7 goblins
  5 hobgoblins
  2 jackals (D:1)
  7 quokkas
  3 ball pythons
  5 bats (D:2)
  4 frilled lizards
  12 kobolds
  6 rats
163 creatures vanquished.

Vanquished Creatures (others)
  11 fungi (D:10)
  16 plants (D:10)
27 creatures vanquished.

Grand Total: 190 creatures vanquished

Notes
Turn   | Place    | Note
-------+----------+-------------------------------------------
     0 | D:1      | browni3141 the Minotaur Berserker began the quest for the
                  | Orb.
     0 | D:1      | Reached XP level 1. HP: 19/19 MP: 0/0
   249 | D:1      | Reached skill level 4 in Axes
   249 | D:1      | Reached XP level 2. HP: 25/27 MP: 1/1
   772 | D:2      | Reached ** piety under Trog
   794 | D:2      | Reached XP level 3. HP: 27/33 MP: 2/2
  1271 | D:2      | Reached XP level 4. HP: 38/40 MP: 3/3
  1315 | D:2      | Reached skill level 5 in Axes
  1631 | D:2      | Found a faded altar of an unknown god.
  2140 | D:2      | Reached XP level 5. HP: 43/47 MP: 4/4
  2982 | D:3      | Noticed Terence
  2991 | D:3      | Killed Terence
  3659 | D:4      | Reached skill level 5 in Fighting
  3659 | D:4      | Reached skill level 6 in Axes
  3729 | D:4      | Noticed Blork the orc
  3737 | D:4      | Killed Blork the orc
  3738 | D:4      | Reached XP level 6. HP: 20/56 MP: 5/5
  4004 | D:4      | Found a staircase to the Ecumenical Temple.
  4018 | D:4      | Reached *** piety under Trog
  4286 | Temple   | Entered the Ecumenical Temple
  4357 | D:5      | Entered Level 5 of the Dungeon
  4432 | D:5      | Reached skill level 7 in Axes
  4690 | D:5      | Reached skill level 5 in Armour
  4690 | D:5      | Reached XP level 7. HP: 62/62 MP: 6/6
  4704 | D:5      | Noticed Edmund
  4714 | D:5      | Killed Edmund
  5031 | D:5      | Noticed Ijyb
  5035 | D:5      | Killed Ijyb
  5096 | D:5      | Reached skill level 8 in Axes
  5259 | D:5      | Found a runed translucent door.
  5260 | D:5      | Noticed Crazy Yiuf
  5266 | D:5      | Killed Crazy Yiuf
  5735 | D:6      | Reached XP level 8. HP: 50/71 MP: 7/7
  6025 | D:6      | Reached skill level 9 in Axes
  6182 | D:6      | Noticed Dowan
  6184 | D:6      | Noticed Duvessa
  6197 | D:6      | Killed Duvessa
  6199 | D:6      | Killed Dowan
  6379 | D:6      | Reached skill level 10 in Axes
  6713 | D:7      | Reached XP level 9. HP: 81/81 MP: 8/8
  6721 | D:7      | Reached skill level 11 in Axes
  7177 | D:7      | You fall into a shaft and drop 3 floors!
  7177 | D:10     | Entered Level 10 of the Dungeon
  7177 | D:10     | Noticed a cyclops
  7177 | D:10     | Found a staircase to the Lair.
  7189 | D:10     | Reached **** piety under Trog
  7191 | D:10     | Reached skill level 12 in Axes
  7199 | D:10     | Killed a cyclops
  7200 | D:10     | Reached XP level 10. HP: 74/91 MP: 9/9
  7222 | Lair:1   | Entered Level 1 of the Lair of Beasts
  7836 | D:10     | Reached skill level 13 in Axes
  7845 | D:10     | Reached skill level 10 in Fighting
  7860 | D:10     | Reached skill level 10 in Armour
  8190 | D:9      | HP: 7/141 [orc warrior (8)]
  8192 | D:9      | Killed from afar by an orc priest

Illustrated notes

Levels and vault maps discovered:
D:1:      shiori_shiawase, layout_basic, minmay_misc_feat_doors
D:2:      layout_basic, shapermc_ecumenical_altar_mp_ritualfount,
          minmay_misc_feat_rugged, serial_park_tiny_pond, st_stairs_5,
          grunt_ministairs_9, minmay_misc_feat_ornament, supply_closet_lemuel,
          chequers_serial_rivers_small_3, minmay_misc_feat_tower
D:3:      layout_loops_corners, uniq_terence
D:4:      layout_loops_ring, minmay_temple_entry_crystal_x, uniq_blork_the_orc
D:5:      layout_loops_ring, enter_ossuary_1, uniq_crazy_yiuf_cottage,
          uniq_ijyb, uniq_edmund
D:6:      layout_basic, uniq_duvessa
D:7:      layout_loops_ring
D:9:      layout_small_grid, gammafunk_temple_overflow_statue
D:10:     layout_loops_ring, due_lair_maze_entry_diamond, david_orc_3,
          ebering_dispersal_statue_hall, uniq_maurice
Temple:   mainiacjoe_temple_big_plus
Lair:1:   wad_woods_04, layout_layer_cave, minmay_holes, lemuel_fruit_fields

Skill      XL: |  1  2  3  4  5  6  7  8  9 10 |
---------------+-------------------------------+-----
Axes           | 4 5 6 7 8 10 12 13 | 13.9
Fighting       | 4 5 6 8 9 10 | 10.4
Armour         | 3 4 5 6 7 9 10 | 10.0
Dodging        | |  2.1

Action                   |  1- 3 |  4- 6 |  7- 9 | 10-12 || total
-------------------------+-------+-------+-------+-------++-------
Melee: Hand axe          |    66 |   106 |       |       ||   172
       Headbutt          |    10 |    27 |    41 |    17 ||    95
       War axe           |       |    21 |   140 |    55 ||   216
Invok: Berserk           |       |     1 |     5 |     2 ||     8
Armor: Animal skin       |    12 |     7 |       |       ||    19
       Chain mail        |       |    40 |    90 |    20 ||   150
Dodge: Dodged            |    51 |    69 |    60 |    18 ||   198
